 Dungeon Crawl Stone Soup version 0.30-a0-972-gf3ab3527aa (webtiles) character file.

Game seed: 6194577360942572777

119 retardedninja the Trooper (level 5, -4/49 HPs)
             Began as a Naga Fighter on Mar 31, 2023.
             Slain by Terence
             ... wielding a +2 short sword of freezing
              (7 damage)
             ... on level 2 of the Dungeon.
             The game lasted 00:01:26 (1245 turns).

retardedninja the Trooper (Naga Fighter)            Turns: 1245, Time: 00:01:27

Health: -4/49      AC:  6    Str: 21    XL:     5   Next: 3%
Magic:  5/5        EV:  7    Int:  8    God:
Gold:   88         SH:  4    Dex: 10    Spells: 4/4 levels left

rFire   . . .      SeeInvis +    a - +0 war axe
rCold   . . .      Faith    .    c - +0 buckler
rNeg    . . .      Spirit   .    b - +0 scale mail
rPois   +          Reflect  .    (no helmet)
rElec   .          Rampage  .    (no cloak)
rCorr   .                        f - +0 pair of gloves
Will    .....                    (no barding) Stlth
                                 (no amulet)
HPRegen 0.28/turn                (no ring)
MPRegen 0.09/turn                (no ring)

@: very slow
A: AC +1, large, see invisible, deformed body, poison resistance, slowness 2,
spit poison 1, naga tail 1
a: Spit Poison


You were on level 2 of the Dungeon.
You visited 1 branch of the dungeon, and saw 2 of its levels.

You collected 88 gold pieces.

Inventory:

Hand Weapons
 a - a +0 war axe (weapon)
Armour
 b - a +0 scale mail (worn)
 c - a +0 buckler (worn)
 f - a +0 pair of gloves (worn)
 l - a scarf of invisibility
Scrolls
 e - a scroll of identify {unknown}
 g - 2 scrolls of immolation {unknown}
 j - a scroll of teleportation {unknown}
 k - a scroll of amnesia {unknown}
Potions
 d - a potion of might
 h - a potion of cancellation {unknown}
 i - 2 potions of attraction {unknown}
 m - a potion of heal wounds {unknown}
 n - a potion of magic {unknown}


   Skills:
 + Level 3.6 Fighting
 * Level 3.5 Axes
 + Level 2.9 Armour
 + Level 3.2 Shields


You had 4 spell levels left.
You didn't know any spells.
Your spell library was empty.

Dungeon Overview and Level Annotations

Branches:
Dungeon (2/15)

Altars:

Annotations:
D:2 Terence


Innate Abilities, Weirdness & Mutations

Your serpentine skin is tough. (AC +1)
You have supernaturally acute eyesight. (SInv)
Armour fits poorly on your strangely shaped body.
Your system is resistant to poisons. (rPois)
You cover ground very slowly.
You can spit poison.
You have a snake-like lower body.


Message History

You hit Terence but do no damage. You block Terence's attack.
You closely miss Terence.
Terence hits you with a +2 short sword of freezing.
Terence freezes you.
You barely miss Terence. Terence hits you but does no damage.
Terence hits you with a +2 short sword of freezing.
Terence freezes you.
You slash Terence!
Terence is heavily wounded.
Terence shouts, "DIE!!!"
Terence hits you with a +2 short sword of freezing.
Terence freezes you.
You hit Terence but do no damage.
Terence is heavily wounded.
Terence hits you with a +2 short sword of freezing.
Terence freezes you.
You hit Terence but do no damage.
Terence is heavily wounded.
Terence hits you with a +2 short sword of freezing.
Terence freezes you. Terence hits you but does no damage.
You barely miss Terence.
Terence is heavily wounded.
Terence hits you with a +2 short sword of freezing!
* * * LOW HITPOINT WARNING * * *
Terence freezes you.
* * * LOW HITPOINT WARNING * * *
You hit Terence but do no damage.
Terence is heavily wounded.
Terence hits you with a +2 short sword of freezing.
* * * LOW HITPOINT WARNING * * *
Terence freezes you.
* * * LOW HITPOINT WARNING * * *
You barely miss Terence.
Terence is heavily wounded.
Terence hits you with a +2 short sword of freezing.
* * * LOW HITPOINT WARNING * * *
Terence freezes you.
* * * LOW HITPOINT WARNING * * *
Terence hits you with a +2 short sword of freezing!
You die...

####.##.##.##
#####.....#.##.#
#.....###...##.#
#.###.# #.#.##.#
#>###.#.##.#
#.....#.##.#
###.###.##.# #.#
#.##.# #@# #.#
#@# #.# #g# #.#
... ... .## ..


You could see Terence and a hobgoblin.

Vanquished Creatures
  Jessica (D:2)
  Natasha (twice) (D:2)
  2 dart slugs
  4 endoplasms
  2 giant cockroaches (D:1)
  4 goblins
  6 hobgoblins
  3 jackals (D:1)
  3 kobolds
  A quokka (D:1)
  5 bats
  A frilled lizard (D:1)
  5 rats
39 creatures vanquished.

Notes
Turn   | Place    | Note
-------+----------+-------------------------------------------
     0 | D:1      | retardedninja the Naga Fighter began the quest for the Orb.
     0 | D:1      | Reached XP level 1. HP: 21/21 MP: 1/1
   120 | D:1      | Reached XP level 2. HP: 28/28 MP: 2/2
   517 | D:1      | Reached XP level 3. HP: 32/34 MP: 3/3
   834 | D:2      | Noticed Jessica
   843 | D:2      | Killed Jessica
   844 | D:2      | Reached XP level 4. HP: 22/42 MP: 4/4
   935 | D:2      | Noticed Natasha
   946 | D:2      | Killed Natasha
  1018 | D:2      | Noticed Natasha
  1024 | D:2      | Killed Natasha
  1186 | D:2      | Reached XP level 5. HP: 49/49 MP: 5/5
  1232 | D:2      | Noticed Terence
  1245 | D:2      | Slain by Terence

Illustrated notes

Levels and vault maps discovered:
D:1:      psy_arrival_dodecagon, layout_loops_cross
D:2:      layout_loops_ring, uniq_natasha, uniq_jessica, uniq_terence

Skill      XL: |  1  2  3 |
---------------+----------+-----
Shields        | 3 |  3.2
Axes           | 3 |  3.5
Fighting       | |  3.6
Armour         | |  2.9

Action                     |  1- 3 |  4- 6 || total
---------------------------+-------+-------++-------
  Melee: War axe           |    84 |    40 ||   124
    Use: Potion            |       |     1 ||     1
 Armour: Scale mail        |    40 |    17 ||    57
  Dodge: Dodged            |    36 |     9 ||    45
  Block: Buckler           |    24 |     7 ||    31

Table legend: (Time is in decaauts)
 A = Elapsed time spent in this place.
 B = Non-inter-level travel time spent in this place.
 C = Inter-level travel time spent in this place.
 D = Time resting spent in this place.
 E = Time spent auto-exploring this place.
 F = Levels seen in this place.
 G = Mean time per level.
                   A        B        C        D        E       F      G
               +--------+--------+--------+--------+--------+-----+--------+
         Total |   1586 |   1568 |     18 |    210 |   1056 |   2 |  793.0 |
       Dungeon |   1586 |   1568 |     18 |    210 |   1056 |   2 |  793.0 |
               +--------+--------+--------+--------+--------+-----+--------+

Top non-repeatable levels by time:
     D:1: 1042 daAuts
     D:2: 543 daAuts
